 Dungeon Crawl Stone Soup version 0.25-a0-290-g4a1327ee3a (webtiles) character file.

Game seed: 2345772368563498560, levelgen mode: classic

4543 Borgoz the Slicer (level 10, -9/64 HPs)
             Began as a Kobold Fighter on Dec 15, 2019.
             Was a Believer of Okawaru.
             Mangled by a white ugly thing (20 damage)
             ... while paralysed
             ... on level 8 of the Dungeon.
             The game lasted 00:18:33 (9041 turns).

Borgoz the Slicer (Kobold Fighter)                  Turns: 9041, Time: 00:18:34

Health: -9/64      AC: 14    Str: 20    XL:     10   Next: 67%
Magic:  11/11      EV:  3    Int:  9    God:    Okawaru [**....]
Gold:   130        SH:  0    Dex: 15    Spells: 9/9 levels left

rFire    . . .     SeeInvis +   a - +4 rapier
rCold    . . .     Gourm    .   c - +0 shield
rNeg     . . .     Faith    +   b - +0 scale mail
rPois    .         Spirit   .   x - +1 helmet
rElec    .         Reflect  .   z - +0 cloak
rCorr    .         Harm     .   (no gloves)
MR       .....                  i - +2 pair of boots
Stlth    ..........             n - amulet of faith
HPRegen  0.20/turn              g - +3 ring of strength
MPRegen  0.12/turn              y - ring of see invisible

@: paralysed, berserk cooldown, slowed
A: small, carnivore
a: Heroism, Renounce Religion


You were on level 8 of the Dungeon.
You worshipped Okawaru.
Okawaru was pleased with you.
You were completely stuffed.

You visited 2 branches of the dungeon, and saw 9 of its levels.
You also visited: Ossuary.

You collected 444 gold pieces.
You spent 314 gold pieces at shops.

Inventory:

Hand Weapons
 a - a +4 rapier (weapon)
 q - a +2 short sword of flaming
 F - a +3 rapier
Missiles
 t - 2 throwing nets (quivered)
Armour
 b - a +0 scale mail (worn)
 c - a +0 shield (worn)
 i - a +2 pair of boots (worn)
 x - a +1 helmet (worn)
 z - a +0 cloak (worn)
Jewellery
 g - a +3 ring of strength (left hand)
 h - an uncursed ring of positive energy
 n - an amulet of faith (around neck)
 y - a ring of see invisible (right hand)
 E - an uncursed ring of stealth
Wands
 d - a wand of iceblast (9)
 o - a wand of random effects (6)
 G - a wand of flame (18)
Scrolls
 j - 6 scrolls of teleportation
 k - a scroll of amnesia
 l - a scroll of fear
 m - 2 scrolls of remove curse
 w - a scroll of blinking
 I - a scroll of magic mapping
Potions
 e - a potion of haste {unknown}
 p - 5 potions of curing
 s - 3 potions of brilliance
 u - 3 potions of flight
 v - 4 potions of mutation
 A - 2 potions of might
 B - 2 potions of magic
 C - a potion of invisibility
Comestibles
 f - 13 rations
 J - 4 chunks of flesh


   Skills:
 * Level 8.3 Fighting
 * Level 9.4 Short Blades
 * Level 6.3 Armour
 * Level 8.1 Dodging
 + Level 0.8 Stealth
 + Level 4.8 Shields
 + Level 0.3 Spellcasting
 + Level 1.7 Invocations


You had 9 spell levels left.
You didn't know any spells.
Your spell library was empty.

Dungeon Overview and Level Annotations

Branches:
Dungeon (8/15)             Temple (1/1) D:7            Lair (0/6) D:8
Ossuary (visited)

Altars:
Ashenzari
Cheibriados
Dithmenos
Elyvilon
Fedhas
Gozag
Hepliaklqana
Kikubaaqudgha
Makhleb
Nemelex Xobeh
Okawaru
Ru
Sif Muna
Vehumet
Wu Jian
Xom
Yredelemnul
Zin
The Shining One
Lugonu

Shops:
D:4 (   D:6 (   D:7 ??}   D:8 [:[(

Annotations:
D:5 , 2 transporters, kae's ghost, novice TeFE


Innate Abilities, Weirdness & Mutations

You are small and have problems with some larger weapons.
You are carnivorous and can eat meat at any time.


Message History

The orc is lightly wounded.
You impale the orc!!
You kill the orc!
Okawaru accepts your kill.
You completely miss the crocodile. You puncture the crocodile!
The crocodile is severely wounded.
The crocodile misses you.
You puncture the crocodile!
You kill the crocodile!
Okawaru accepts your kill.
You are no longer berserk.
You pass out from exhaustion.
You feel yourself slow down. The white ugly thing punches you.
The white ugly thing freezes you!
* * * LOW HITPOINT WARNING * * *
The white ugly thing punches you.
* * * LOW HITPOINT WARNING * * *
The white ugly thing freezes you!!
You die...

#...# ...
#...# ....
#...# ....
#...#
.....#...#
.....#...#
......)).#####
.....#u@.....#
#...........#
#.####......#
#.......#
#.......#
.......#'#####
...#####.##
..........#
.........#


You could see a white ugly thing.

Vanquished Creatures
  A two-headed ogre (D:8)
  Pikel (D:7)
  Duvessa (D:5)
  2 orc warriors
  2 phantoms
  5 ice beasts
  2 sky beasts
  A black bear (D:6)
  A necrophage (D:8)
  4 slaves (D:7)
  An ogre (D:8)
  A centaur (D:7)
  A crocodile (D:8)
  4 bullfrogs
  2 elf skeletons (D:5)
  Dowan (D:5)
  A howler monkey (D:6)
  A crimson imp (D:6)
  2 jellies
  A human zombie (D:5)
  3 bullfrog zombies
  2 centaur zombies (Ossuary)
  Crazy Yiuf (D:5)
  2 hounds
  4 orc priests
  A centaur skeleton (D:5)
  9 orc wizards
  A human skeleton (D:5)
  Ijyb (D:3)
  Natasha (thrice) (D:2)
  4 iguanas
  2 worker ants
  6 mummies (Ossuary)
  Robin (D:3)
  3 worker ant zombies (Ossuary)
  4 gnolls (D:5)
  A howler monkey skeleton (D:5)
  4 adders
  2 oozes
  An adder zombie (Ossuary)
  2 worms (D:2)
  2 leopard geckos
  21 orcs
  2 ball pythons (D:3)
  5 bats
  6 giant cockroaches
  7 hobgoblins
  12 jackals
  8 kobolds
  A quokka (D:6)
  A ball python zombie (Ossuary)
  5 frilled lizards
  A giant cockroach zombie (Ossuary)
  13 goblins
  3 jackal zombies (Ossuary)
  A leopard gecko zombie (Ossuary)
  2 orc skeletons (D:5)
  3 quokka zombies (Ossuary)
  7 rats
  A spectral orc (D:4)
193 creatures vanquished.

Vanquished Creatures (others)
  2 plants (D:8)
  A withered plant (Ossuary)
3 creatures vanquished.

Grand Total: 196 creatures vanquished

Notes
Turn   | Place    | Note
-------+----------+-------------------------------------------
     0 | D:1      | Borgoz the Kobold Fighter began the quest for the Orb.
     0 | D:1      | Reached XP level 1. HP: 14/14 MP: 1/1
   182 | D:1      | Reached XP level 2. HP: 18/19 MP: 2/2
   540 | D:1      | Reached skill level 3 in Short Blades
   582 | D:1      | Reached skill level 1 in Dodging
   683 | D:1      | Reached XP level 3. HP: 23/23 MP: 3/3
  1139 | D:2      | Found an ancient bone altar of Kikubaaqudgha.
  1165 | D:2      | Found a shattered altar of Ashenzari.
  1932 | D:2      | Reached XP level 4. HP: 23/29 MP: 4/4
  2175 | D:2      | Found a burning altar of Makhleb.
  2466 | D:2      | Noticed Natasha
  2476 | D:2      | Killed Natasha
  2476 | D:2      | Reached XP level 5. HP: 18/33 MP: 5/5
  2589 | D:2      | Noticed Natasha
  2599 | D:2      | Killed Natasha
  2599 | D:2      | Reached skill level 4 in Short Blades
  2654 | D:2      | Found a shadowy altar of Dithmenos.
  2953 | D:3      | Noticed Ijyb
  2977 | D:3      | Killed Ijyb
  3051 | D:3      | Reached XP level 6. HP: 38/38 MP: 6/6
  3143 | D:3      | Noticed Robin
  3197 | D:3      | Killed Robin
  3583 | D:3      | Found a shimmering blue altar of Sif Muna.
  3801 | D:3      | Noticed a phantom
  3844 | D:3      | Found a snail-covered altar of Cheibriados.
  3916 | D:2      | Noticed Natasha
  3929 | D:2      | Killed Natasha
  4186 | D:3      | Killed a phantom
  4186 | D:3      | Reached XP level 7. HP: 30/44 MP: 7/7
  4422 | D:4      | Found a basalt altar of Yredelemnul.
  4492 | D:4      | Found Setamex's Weapon Emporium.
  4711 | D:5      | Entered Level 5 of the Dungeon
  4726 | D:5      | Reached skill level 5 in Short Blades
  4734 | D:5      | Reached skill level 5 in Fighting
  4876 | D:5      | Reached XP level 8. HP: 30/49 MP: 8/8
  4921 | D:5      | Found a hazy altar of Hepliaklqana.
  4963 | D:5      | Found a runed translucent door.
  4964 | D:5      | Noticed Crazy Yiuf
  5032 | D:5      | Found a shimmering altar of Xom.
  5092 | D:5      | Reached skill level 6 in Short Blades
  5149 | D:5      | Noticed Duvessa
  5149 | D:5      | Noticed Dowan
  5163 | D:5      | Killed Duvessa
  5167 | D:5      | Killed Dowan
  5167 | D:5      | Reached skill level 5 in Dodging
  5210 | D:5      | Found a sand-covered staircase.
  5223 | Ossuary  | Entered an ossuary
  5511 | Ossuary  | Reached XP level 9. HP: 35/55 MP: 9/9
  5608 | Ossuary  | Reached skill level 7 in Short Blades
  6026 | D:5      | Noticed kae's ghost (novice TeFE)
  6027 | D:5      | Found a transporter.
  6034 | D:5      | Found a transporter.
  6109 | D:5      | Killed Crazy Yiuf
  6109 | D:5      | Reached skill level 5 in Armour
  6351 | D:6      | Found Tisoe's Antique Weapon Shop.
  6430 | D:6      | Found a blossoming altar of Fedhas.
  6863 | D:6      | Found an opulent altar of Gozag.
  6864 | D:6      | Found a sparkling altar of Nemelex Xobeh.
  6967 | D:7      | Found Wun Vec's Gadget Emporium.
  7025 | D:7      | Reached skill level 8 in Short Blades
  7358 | D:7      | Found Zeryp's Magic Scroll Boutique.
  7362 | D:7      | Found a staircase to the Ecumenical Temple.
  7379 | Temple   | Entered the Ecumenical Temple
  7394 | Temple   | Became a worshipper of Warmaster Okawaru
  7486 | D:7      | Found a sacrificial altar of Ru.
  7837 | D:7      | Noticed Pikel
  7875 | D:7      | Killed Pikel
  7875 | D:7      | Reached * piety under Okawaru
  7875 | D:7      | Reached XP level 10. HP: 53/64 MP: 10/10
  8060 | D:7      | Found Agower's Weapon Emporium.
  8363 | D:7      | Found Beuleuji's Magic Scroll Shop.
  8367 | D:7      | Bought a scroll of blinking for 105 gold pieces
  8367 | D:7      | Bought a scroll of magic mapping for 49 gold pieces
  8692 | D:8      | Found Piokos's Antique Weapon Shoppe.
  8726 | D:8      | Bought a runed dagger for 160 gold pieces
  8736 | D:8      | Found Seroraud's Armour Shop.
  8741 | D:8      | Noticed a two-headed ogre
  8748 | D:8      | Killed a two-headed ogre
  8748 | D:8      | Reached ** piety under Okawaru
  8748 | D:8      | Reached skill level 9 in Short Blades
  8748 | D:8      | Reached skill level 1 in Invocations
  8865 | D:8      | Found Zonoll's Book Emporium.
  8966 | D:8      | Found Dedd's Armour Emporium.
  8996 | D:8      | Found a staircase to the Lair.
  8996 | D:8      | Noticed a komodo dragon
  9028 | D:8      | Noticed a white ugly thing
  9041 | D:8      | Mangled by a white ugly thing

Levels and vault maps discovered:
D:1:      kilobyte_arrival_exit_the_forest, layout_basic
D:2:      layout_basic, lemuel_round_altar, grunt_dithmenos_smoke,
          evilmike_ruin_ashenzari, makhleb_heckhound_becter, uniq_natasha
D:3:      layout_loops_ring, lemuel_coloured_pillars_altar, led_sif_book,
          uniq_ijyb, uniq_robin
D:4:      layout_rooms, yredelemnul_forgotten_temple_becter, serial_shops, shop
D:5:      layout_rooms, marbit_many_paths, kennysheep_little_box,
          gammafunk_ghost_smash, first_ration, nicolae_ossuary_entry_catacombs,
          hangedman_abyss_or_decor_passed, uniq_duvessa, uniq_crazy_yiuf_cottage
D:6:      layout_loops_ring, grunt_temple_overflow_opulence,
          kennysheep_mini_moat, serial_shops, nicolae_shop_trees
D:7:      layout_layer_cave, overflow_temple_1_default, temple_fountains,
          serial_shops, kennysheep_mini, nicolae_shop_trees,
          nicolae_shop_competitors_out_of_business, nicolae_shop_statue_plus,
          glass_columns_c, uniq_pikel
D:8:      layout_basic, lemuel_doored_altar, eat_drink_and_be_merry_uskayaw,
          david_lair_shrubbed, serial_shops, nicolae_shop_trees,
          nicolae_shop_statue_plus, nicolae_shop_statue_plus, shop,
          grunt_livestock
Temple:   corrupted_temple

Skill      XL: |  1  2  3  4  5  6  7  8  9 10 |
---------------+-------------------------------+-----
Short Blades   | 3 4 5 6 8 9 |  9.4
Dodging        | 1 2 3 4 5 7 8 |  8.1
Fighting       | 4 5 6 7 8 |  8.3
Armour         | 3 4 5 6 |  6.3
Shields        | 3 4 |  4.8
Invocations    | 1 |  1.7
Stealth        | |  0.8
Spellcasting   | |  0.3

Action                   |  1- 3 |  4- 6 |  7- 9 | 10-12 || total
-------------------------+-------+-------+-------+-------++-------
Melee: Rapier            |   108 |   282 |   362 |   102 ||   854
       Short sword       |       |       |   131 |       ||   131
       Unarmed           |       |       |    18 |       ||    18
Evoke: Wand              |       |     6 |     4 |     6 ||    16
  Use: Potion            |       |     2 |     6 |     2 ||    10
       Scroll            |       |    11 |    10 |     2 ||    23
  Eat: Chunk             |     9 |     9 |    14 |     4 ||    36
Armor: Scale mail        |    30 |    76 |   147 |    28 ||   281
       Skin              |       |       |     1 |       ||     1
Dodge: Dodged            |    39 |   100 |   216 |    31 ||   386
Block: Shield            |    38 |   137 |   221 |    34 ||   430

Table legend:
 A = Non-vault XP
 B = Vault XP
 C = Vault XP percentage of total XP
 D = Non-vault monster count
 E = Vault monster count
 F = Vault count percentage of total count
                 A         B        C        D         E       F
            +---------+---------+-------+---------+---------+-------
      Total |    4660 |    1830 |  28.2 |     139 |      50 |  26.5
            +---------+---------+-------+---------+---------+-------
        D:1 |      30 |       0 |   0.0 |      15 |       0 |   0.0
        D:2 |     148 |      78 |  34.5 |      27 |       2 |   6.9
        D:3 |     165 |     149 |  47.5 |      20 |      14 |  41.2
        D:4 |       1 |       1 |  50.0 |       1 |       1 |  50.0
        D:5 |     839 |     536 |  39.0 |      20 |       9 |  31.0
        D:6 |     712 |       0 |   0.0 |      12 |       0 |   0.0
        D:7 |     923 |     663 |  41.8 |      24 |       1 |   4.0
        D:8 |    1842 |       0 |   0.0 |      20 |       0 |   0.0
    Ossuary |       0 |     403 | 100.0 |       0 |      23 | 100.0
            +---------+---------+-------+---------+---------+-------
